 Dungeon Crawl Stone Soup version 0.31.0-32-g396128a36d (webtiles) character file.

Game seed: 1524625384266994147

77 unlimited1921 the Firebug (level 4, -8/39 HPs)
             Began as an Oni Fire Elementalist on Mar 28, 2024.
             Killed from afar by Sigmund (14 damage)
             ... with a puff of flame
             ... on level 2 of the Dungeon.
             The game lasted 00:08:34 (6292 turns).

unlimited1921 the Firebug (Oni Fire Elementalist)   Turns: 6292, Time: 00:08:34

Health: -8/39      AC:  3    Str: 12    XL:     4   Next: 33%
Magic:  1/9        EV: 14    Int: 18    God:
Gold:   52         SH:  0    Dex:  9    Spells: 3/9 levels left

rFire   . . .        d - +0 short sword
rCold   . . .        (no shield)
rNeg    . . .        a - +0 robe
rPois   .            (helmet restricted)
rElec   .            (no cloak)
rCorr   .            (gloves unavailable)
SInv    .            (boots unavailable)
Will    .....        i - amulet of magic regeneration
Stlth   +            m - +5 ring of evasion
HPRegen 0.26/turn    (no ring)
MPRegen 0.51/turn

%: no passive effects
@: brilliant, very slightly contaminated
A: large, unfitting armour, horns 1, tough skin 1, double potion healing,
drunken brawling
a: no special abilities


You were on level 2 of the Dungeon.
You visited 1 branch of the dungeon, and saw 2 of its levels.

You collected 52 gold pieces.

Inventory:

Hand Weapons
 d - a +0 short sword (weapon)
 e - a +0 dagger
 k - a +0 sling
Missiles
 h - 14 stones
Armour
 a - a +0 robe (worn)
Jewellery
 i - an amulet of magic regeneration (around neck)
 m - a +5 ring of evasion (left hand)
Scrolls
 g - a scroll of enchant weapon {unknown}
 j - a scroll of teleportation {unknown}
Potions
 b - a potion of magic
 f - a potion of resistance {unknown}
 l - a potion of curing {unknown}


   Skills:
 + Level 0.1 Short Blades
 + Level 1.9 Dodging
 + Level 1.5 Stealth
 + Level 3.4 Spellcasting
 + Level 1.5 Conjurations
 + Level 3.5 Fire Magic


You had 3 spell levels left.
You knew the following spells:

 Your Spells              Type           Power      Damage    Failure   Level
a - Foxfire               Conj/Fire      72%        2x1d7     5%          1
b - Scorch                Fire           46%        2d6       5%          2
c - Inner Flame           Hex/Fire       14%        N/A       22%         3

Your spell library contained the following spells:

 Spells                   Type           Power      Damage    Failure   Level
 Volatile Blastmotes      Fire/Tloc      28%        2d12      22%         3
 Flame Wave               Conj/Fire      18%        2d7       47%         4


Dungeon Overview and Level Annotations

Branches:
Dungeon (2/15)

Altars:

Annotations:
D:2 Sigmund


Innate Abilities, Weirdness & Mutations

You are too large for most types of armour.
You have a pair of small horns on your head.
You have tough skin. (AC +1)
You gain doubled healing and magic from potions.
Whenever you drink a healing potion, you attack all around you.


Message History

There is an open door here.
Casting: Foxfire (safe; 6% risk of failure)
Confirm with . or Enter, or press ? or * to list all spells.
You conjure some foxfire!
The adder bites you but does no damage.
The foxfire hits the adder.
The adder is heavily wounded.
The foxfire hits the adder.
The adder is severely wounded.
Casting: Foxfire (safe; 6% risk of failure)
Confirm with . or Enter, or press ? or * to list all spells.
You miscast Foxfire.
Nothing appears to happen.
The adder misses you. The adder attacks as it pursues you!
The adder bites you. x2
Casting: Foxfire (safe; 6% risk of failure)
Confirm with . or Enter, or press ? or * to list all spells.
You don't know that spell.
Casting: Foxfire (safe; 6% risk of failure)
Confirm with . or Enter, or press ? or * to list all spells.
Flames lash the adder.
You kill the adder!
Casting: Scorch (safe; 5% risk of failure)
Confirm with . or Enter, or press ? or * to list all spells.
You conjure some foxfire!
Your foxfire dissipates!
The foxfire hits something.
You hear a zap.
A puff of flame appears from out of thin air!
The puff of flame misses you.
Casting: Foxfire (safe; 5% risk of failure)
Confirm with . or Enter, or press ? or * to list all spells.
You miscast Foxfire.
Nothing appears to happen.
You hear a zap.
A puff of flame appears from out of thin air!
The puff of flame hits you!
* * * LOW HITPOINT WARNING * * *
It was a potion of brilliance.
You feel clever all of a sudden.
You hear a zap.
A puff of flame appears from out of thin air!
The puff of flame hits you!
You die...

...........'...........
###......###.........#
#.##.### #.......# #.
### #.....# # #...#
##{## #†# #.# ##@##
##...##
#####.....######
................
###.###.######## #.#
#.# #.# #.# #.# #.#
#.######.###.###


There were no monsters in sight!

Vanquished Creatures
  2 adders (D:2)
  2 dart slugs (D:1)
  3 bats
  4 endoplasms
  3 giant cockroaches
  7 goblins
  5 hobgoblins
  3 jackals (D:1)
  4 quokkas
  5 ball pythons
  4 frilled lizards
  5 kobolds (D:1)
  2 rats
49 creatures vanquished.

Vanquished Creatures (others)
  198 foxfires
198 creatures vanquished.

Grand Total: 247 creatures vanquished

Notes
Turn   | Place    | Note
-------+----------+-------------------------------------------
     0 | D:1      | unlimited1921 the Oni Fire Elementalist began the quest for
                  | the Orb.
     0 | D:1      | Reached XP level 1. HP: 16/16 MP: 3/3
   743 | D:1      | Reached XP level 2. HP: 24/24 MP: 0/5
  2168 | D:1      | Reached XP level 3. HP: 31/31 MP: 7/7
  2175 | D:1      | Reached skill level 1 in Conjurations
  2893 | D:1      | Found a faded altar of an unknown god.
  4254 | D:2      | Noticed Sigmund
  5204 | D:2      | Reached XP level 4. HP: 39/39 MP: 7/9
  5557 | D:2      | Learned a level 2 spell: Scorch
  5561 | D:2      | Learned a level 3 spell: Inner Flame
  6292 | D:2      | Killed from afar by Sigmund

Illustrated notes

Levels and vault maps discovered:
D:1:      ncdulo_lavacross, layout_basic, shapermc_ecumenical_altar_flowoftime,
          serial_corexii_hall, chequers_hall_statues_y, corexii_hall_statues_l,
          chequers_hall_statues_wall_a, corexii_hall_statues_l,
          minmay_small_reverse_x
D:2:      layout_loops_corners, uniq_sigmund

Skill      XL: |  1  2  3 |
---------------+----------+-----
Fire Magic     | 3 |  3.5
Spellcasting   | 3 |  3.4
Conjurations   | 1 |  1.5
Short Blades   | |  0.1
Dodging        | |  1.9
Stealth        | |  1.5

Action                     |  1- 3 |  4- 6 || total
---------------------------+-------+-------++-------
  Melee: Dagger            |     5 |       ||     5
         Short sword       |    30 |       ||    30
         Headbutt          |     9 |       ||     9
         Punch             |     2 |       ||     2
   Cast: Foxfire           |   106 |    29 ||   135
         Scorch            |       |     2 ||     2
         Inner Flame       |       |     1 ||     1
    Use: Potion            |       |     1 ||     1
 Armour: Robe              |    21 |    10 ||    31
  Dodge: Dodged            |    12 |     2 ||    14
